 Dungeon Crawl Stone Soup version 0.28-a0-589-g333b8329f1 (webtiles) character file.

Game seed: 5525291020084086301

208 Irenicus the Digger (level 5, -1/42 HPs)
             Began as a Deep Dwarf Earth Elementalist on Oct 3, 2021.
             Killed by divine providence
             ... invoked by an orc priest
              (10 damage)
             ... on level 3 of the Dungeon.
             The game lasted 00:20:43 (1799 turns).

Irenicus the Digger (Deep Dwarf Earth Elementalist) Turns: 1799, Time: 00:20:44

Health: -1/42      AC:  3    Str: 11    XL:     5   Next: 55%
Magic:  3/8        EV: 11    Int: 23    God:
Gold:   59         SH:  0    Dex: 13    Spells: 2/8 levels left

rFire   . . .      SeeInvis .   d - +0 dagger
rCold   . . .      Faith    .   (no shield)
rNeg    . . .      Spirit   .   a - +0 leather armour
rPois   .          Reflect  .   (no helmet)
rElec   .          Harm     .   (no cloak)
rCorr   .          Rampage  .   (no gloves)
Will    .....                   (no boots)
Stlth   ++........              (no amulet)
HPRegen 0.00/turn               I - +6 ring of intelligence
MPRegen 0.11/turn               (no ring)

@: no status effects
A: damage resistance, heal wounds, sense surroundings 1, no regeneration
a: Heal Wounds


You were on level 3 of the Dungeon.
You visited 1 branch of the dungeon, and saw 3 of its levels.

You collected 59 gold pieces.


Innate Abilities, Weirdness & Mutations

You are resistant to damage.
You can heal yourself by infusing magical energy.
You passively map a small area around you.
You do not regenerate.


   Skills:
 - Level 2.1 Dodging
 - Level 2.4 Stealth
 - Level 2.0 Spellcasting
 - Level 3.0 Conjurations
 - Level 0.8 Transmutations
 + Level 6.7 Earth Magic


You had 2 spell levels left.
You knew the following spells:

 Your Spells              Type           Power      Damage    Failure   Level
t - Stone Arrow           Conj/Erth      48%        3d10      7%          3
w - Passwall              Tmut/Erth      15%        N/A       5%          2
z - Sandblast             Erth           66%        2d15      1%          1

Your spell library contained the following spells:

 Spells                   Type           Power      Damage    Failure   Level
 Animate Skeleton         Necr           4%         N/A       17%         1
 Pain                     Necr           8%         1d4       17%         1
 Blink                    Tloc           N/A        N/A       26%         2
 Petrify                  Tmut/Erth      19%        N/A       34%         4
 Portal Projectile        Hex/Tloc       4%         N/A       45%         3
 Teleport Other           Tloc           2%         N/A       45%         3
 Vampiric Draining        Necr           1%         2d6       45%         3
 Manifold Assault         Tloc           2%         N/A       99%         5
 Malign Gateway           Summ/Tloc      1%         N/A       100%        7
 Storm Form               Tmut/Air       2%         N/A       100%        7

Inventory:

Hand Weapons
 d - a +0 dagger (weapon)
Missiles
 i - 3 throwing nets {=f}
Armour
 a - a +0 leather armour (worn)
Jewellery
 I - a +6 ring of intelligence (left hand)
Scrolls
 f - 2 scrolls of enchant armour {unknown}
Potions
 b - 2 potions of curing {@q1}
 e - 2 potions of lignification
 h - 2 potions of flight

Dungeon Overview and Level Annotations

Branches:
Dungeon (3/15)

Altars:
Wu Jian

..##......................oo
.######.######..............
..# #.# #.........>....
..#####.# #.[............
........# #......o.......
.####..## ##.............
..###..# ##.)...#.....#
#.....# #o###########
....#.# #@# ....#?# ##.#
g...#.# #..# S...#.##
#####.#### ....#..#
#(.......# ######.##
#........# #..###........#
##.)..........#
#####....<...#


You could see an orc priest.


Message History

The orc priest shouts!
The orc shouts!
The orc priest casts a cantrip, but nothing happens.
An orc comes into view. It is wielding a +0 hand axe.
Casting: Stone Arrow (dangerous; 7% risk of failure)
Confirm with . or Enter, or press ? or * to list all spells.
Aiming: Stone Arrow (dangerous; 7% risk of failure)
Press: ? - help, Shift-Dir - straight line, f - orc
Aim: an orc, wielding a +0 short sword (71% to hit)
The stone arrow hits the orc!!
You kill the orc!
Casting: Stone Arrow (dangerous; 7% risk of failure)
Confirm with . or Enter, or press ? or * to list all spells.
You can't see any susceptible monsters within range! (Use Z to cast anyway.) Unknown command.
Casting: Stone Arrow (dangerous; 7% risk of failure)
Confirm with . or Enter, or press ? or * to list all spells.
Aiming: Stone Arrow (dangerous; 7% risk of failure)
Press: ? - help, Shift-Dir - straight line, f - orc priest
Aim: an orc priest, wielding a +1 hand axe of electrocution (71% to hit)
The stone arrow hits the orc priest!
The orc priest is almost dead.
You hit the orc priest but do no damage.
The orc priest is almost dead.
The orc priest hits you with a +1 hand axe of electrocution!
* * * LOW HITPOINT WARNING * * *
You closely miss the orc priest.
The orc priest is almost dead.
The orc priest invokes the aid of Beogh against you.
Beogh smites you!
You die...

Skill      XL: |  1  2  3  4  5 |
---------------+----------------+-----
Earth Magic    | 5 6 |  6.7
Spellcasting   | 2 |  2.0
Conjurations   | 1 3 |  3.0
Dodging        | |  2.1
Stealth        | |  2.4
Transmutations | |  0.8

Action                   |  1- 3 |  4- 6 || total
-------------------------+-------+-------++-------
Melee: Unarmed           |    12 |       ||    12
       Dagger            |    79 |    60 ||   139
Throw: Throwing net      |       |     1 ||     1
 Cast: Sandblast         |    36 |    12 ||    48
       Stone Arrow       |     9 |    16 ||    25
       Passwall          |     6 |       ||     6
 Abil: Heal Wounds       |       |     1 ||     1
  Use: Potion            |     1 |     4 ||     5
       Scroll            |     1 |       ||     1
 Stab: Sleeping          |     4 |       ||     4
       Distracted        |       |     1 ||     1
Armor: Leather armour    |    28 |     7 ||    35
       Skin              |       |    15 ||    15
Dodge: Dodged            |    70 |    35 ||   105

Levels and vault maps discovered:
D:1:      giann_forest_graveyard, layout_basic, minmay_splitting_lines
D:2:      layout_basic, basic_altar, wad_orctagon
D:3:      layout_rooms, uniq_jessica, uniq_natasha

Notes
Turn   | Place    | Note
-------+----------+-------------------------------------------
     0 | D:1      | Irenicus the Deep Dwarf Earth Elementalist began the quest
                  | for the Orb.
     0 | D:1      | Reached XP level 1. HP: 15/15 MP: 3/3
   156 | D:1      | Reached XP level 2. HP: 22/22 MP: 0/4
   205 | D:1      | Reached skill level 5 in Earth Magic
   393 | D:1      | Learned a level 2 spell: Passwall
   464 | D:1      | Reached XP level 3. HP: 21/28 MP: 2/5
   637 | D:1      | Reached skill level 2 in Spellcasting
   650 | D:1      | Learned a level 3 spell: Stone Arrow
   891 | D:2      | Reached skill level 1 in Conjurations
  1111 | D:2      | Reached XP level 4. HP: 29/36 MP: 0/7
  1120 | D:2      | Reached skill level 2 in Conjurations
  1193 | D:2      | Got the Almanac of Orientation
  1261 | D:2      | Found an ornate altar of the Wu Jian Council.
  1303 | D:2      | Reached skill level 3 in Conjurations
  1331 | D:2      | Reached XP level 5. HP: 31/42 MP: 0/8
  1371 | D:2      | Reached skill level 6 in Earth Magic
  1445 | D:2      | HP: 1/42 [orc priest/divine providence (13)]
  1799 | D:3      | Killed from afar by an orc priest

Vanquished Creatures
  An orc priest (D:2)
  7 gnolls (D:2)
  2 adders
  2 worms (D:2)
  8 orcs
  5 ball pythons
  9 endoplasms
  3 giant cockroaches
  6 goblins
  8 hobgoblins
  5 jackals
  5 bats
  6 frilled lizards
  2 kobolds
  10 rats
79 creatures vanquished.

Table legend: (Time is in decaauts)
 A = Elapsed time spent in this place.
 B = Non-inter-level travel time spent in this place.
 C = Inter-level travel time spent in this place.
 D = Time resting spent in this place.
 E = Time spent auto-exploring this place.
 F = Levels seen in this place.
 G = Mean time per level.
                   A        B        C        D        E       F      G
               +--------+--------+--------+--------+--------+-----+--------+
         Total |   1777 |   1738 |     39 |     52 |      0 |   3 |  592.3 |
       Dungeon |   1777 |   1738 |     39 |     52 |      0 |   3 |  592.3 |
               +--------+--------+--------+--------+--------+-----+--------+

Top non-repeatable levels by time:
     D:2: 861 daAuts
     D:1: 738 daAuts
     D:3: 177 daAuts

Table legend:
 A = Non-vault XP
 B = Vault XP
 C = Vault XP percentage of total XP
 D = Non-vault monster count
 E = Vault monster count
 F = Vault count percentage of total count
                 A         B        C        D         E       F
            +---------+---------+-------+---------+---------+-------
      Total |     286 |      12 |   4.0 |      75 |       4 |   5.1
            +---------+---------+-------+---------+---------+-------
        D:1 |      51 |       0 |   0.0 |      33 |       0 |   0.0
        D:2 |     209 |      12 |   5.4 |      34 |       4 |  10.5
        D:3 |      26 |       0 |   0.0 |       8 |       0 |   0.0
            +---------+---------+-------+---------+---------+-------
